 Dungeon Crawl Stone Soup version 0.14.1-3-gd16b60d (webtiles) character file.

3 Dadi the Shield-Bearer (level 1, 13/14 HPs)
             Began as a Gargoyle Fighter on May 16, 2014.
             Got out of the dungeon alive.
             The game lasted 00:00:33 (129 turns).

Dadi the Shield-Bearer (Gargoyle Fighter)            Turns: 129, Time: 00:00:33

HP  13/14        AC  9     Str 19      XL: 1   Next: 50%
MP   1/1         EV  6     Int  8      God:
Gold 0           SH 18     Dex  9      Spells:  0 memorised,  0 levels left

rFire  . . .     SeeInvis .     h - -3,-2 dagger (curse)
rCold  . . .     Clarity  .     b - +0 scale mail
rNeg   + . .     Conserve .     c - +0 shield
rPois  +         rCorr    .     (no helmet)
rElec  +         rRot     +     (no cloak)
SustAb . .       Spirit   .     (no gloves)
rMut   .         Warding  .     (no boots)
Saprov . . .     Stasis   .     (no amulet)
MR     .....                    (no ring)
                                (no ring)

@: not resistant to hostile enchantments, extremely unstealthy
A: life protection 1, electricity resistance, unbreathing, petrification
resistance, AC +2
a: no special abilities


You escaped.
You were not hungry.

You visited 1 branch of the dungeon, and saw 1 of its levels.

Inventory:

Hand weapons
 a - a +0,+0 long sword
 h - a cursed -3,-2 dagger (weapon)
   (You took it off a goblin on level 1 of the Dungeon)
Missiles
 i - 8 needles of paralysis
Armour
 b - a +0 scale mail (worn)
 c - a +0 shield (worn)
Comestibles
 d - a bread ration
Scrolls
 g - a scroll of noise {unknown}
Potions
 e - a potion of might
 f - a potion of restore abilities {unknown}


   Skills:
 - Level 3.2 Fighting
 + Level 2.1 Long Blades
 - Level 3.2 Armour
 - Level 3.2 Shields


You couldn't memorise any spells.
You didn't know any spells.

Dungeon Overview and Level Annotations

Branches:
Dungeon (1/15)

Altars:


Innate Abilities, Weirdness & Mutations

You are resistant to torment.
You are immune to poison.
You are immune to rotting.
Your stone body is very resilient (AC +2).
You resist negative energy.
You are resistant to electric shocks.
You can survive without breathing.
You are immune to petrification.


Message History

Welcome, Dadi the Gargoyle Fighter.
Will you be the one to retrieve the fabulous Orb of Zot from the depths?
Found a staircase leading out of the dungeon.
There is a fountain of clear blue water here.
A giant cockroach comes into view.
You block the giant cockroach's attack.
You hit the giant cockroach.
You kill the giant cockroach!
No target in view!
No target in view!
You see here a giant cockroach corpse.
f - a fuming yellow potion A giant newt comes into view.
The giant newt barely misses you.
You slash the giant newt!
You kill the giant newt!
Your Long Blades skill increases to level 2!
No target in view!
No target in view!
A goblin comes into view. It is wielding a runed dagger.
The goblin shouts!
The goblin barely misses you.
A goblin is nearby!
You slash the goblin!
You kill the goblin!
No target in view!
No target in view!
Things that are here:
a runed dagger; a goblin corpse
g - a scroll labeled JOUTUJACHAI
Things that are here:
a runed dagger; a goblin corpse
h - a runed dagger Wield which item (- for none, * to show all)? (? for menu, Esc to quit)
It sticks to your hand!
h - a cursed -3,-2 dagger (weapon)
i - 8 needles of paralysis A bat comes into view.
You block the bat's attack. You block the bat's attack. x2
The bat hits you but does no damage. You block the bat's attack.
The bat barely misses you. You block the bat's attack.
You block the bat's attack.
There is a fountain of clear blue water here.
The bat hits you.
You take 1 damage, and have 13/14 hp.
The bat barely misses you.
There is a staircase leading out of the dungeon here.
You can't go down here!
Are you sure you want to leave the Dungeon?
This will make you lose the game! [Y]es or [N]o only, please.
Are you sure you want to leave the Dungeon?
This will make you lose the game! You block the bat's attack.
You have escaped!

..%...# .... ###.#
....#########.. ##.##
...(...........+##########...#
.........................#.#.#
##.######................#...#
#.........##♣♣♣.♣♣♣##...###.#
#.######..#♣♣♣♣⌠♣♣♣♣#...# #.#
#.######..♣♣♣♣♣.♣♣♣♣♣...# #.#
#............⌠.@.⌠......###.#
########..♣♣♣♣♣.♣♣♣♣♣.......#
#..#♣♣♣♣b♣♣♣♣#..######
#..##♣♣♣.♣♣♣##..#
#...............#
####.............
####.######### #.# #.#


You could see a bat.

Vanquished Creatures
  A giant cockroach (D:1)
  A goblin (D:1)
  A giant newt (D:1)
3 creatures vanquished.

Notes
Turn   | Place    | Note
--------------------------------------------------------------
     0 | D:1      | Dadi, the Gargoyle Fighter, began the quest for the Orb.
     0 | D:1      | Reached XP level 1. HP: 14/14 MP: 1/1
    63 | D:1      | Reached skill level 2 in Long Blades
   129 | D:$      | Got out of the dungeon alive.

Action                   || total
-------------------------++-------
Melee: Long sword        ||     3

Vault maps used:
D:1:      scummos_arrival_forest, minivault_27, minmay_misc_feat_tower

Table legend:
 A = Turns spent in this place as a percentage of turns spent in the entire game.
 B = Non-inter-level travel turns spent in this place as a percentage of non-inter-level travel turns spent in the entire game.
 C = Inter-level travel turns spent in this place as a percentage of turns spent in this place.
 D = Turns resting spent in this place as a percentage of non-inter-level travel turns spent in this place.
 E = Turns spent auto-exploring this place as a percentage of non-inter-level travel turns spent in this place.
 F = Non-inter-level travel turns spent in this place divided by the number of levels of this place that you've seen.
                   A       B       C       D       E      F
               +-------+-------+-------+-------+-------+----------------------
         Total | 100.0 | 100.0 |   0.0 |   0.0 |  15.6 |  45.0
       Dungeon | 100.0 | 100.0 |   0.0 |   0.0 |  15.6 |  45.0
               +-------+-------+-------+-------+-------+----------------------

Table legend:
 A = Kills in this place as a percentage of kills in entire the game.
 B = Kills by you in this place as a percentage of kills by you in the entire game.
 C = Kills by friends in this place as a percentage of kills by friends in the entire game.
 D = Other kills in this place as a percentage of other kills in the entire game.
 E = Experience gained in this place as a percentage of experience gained in the entire game.
 F = Experience gained in this place divided by the number of levels of this place that you have seen.
                   A       B       C       D       E      F
               +-------+-------+-------+-------+-------+----------------------
         Total | 100.0 | 100.0 |  -nan |  -nan | 100.0 |   5.0
       Dungeon | 100.0 | 100.0 |  -nan |  -nan | 100.0 |   5.0
               +-------+-------+-------+-------+-------+----------------------
